 Dungeon Crawl Stone Soup version 0.18.1-48-g4cf74bf (webtiles) character file.

14 OTRawrior the Digger (level 2, 15/15 HPs)
             Began as a Gargoyle Earth Elementalist on Aug 13, 2016.
             Quit the game on level 1 of the Dungeon.
             The game lasted 00:02:38 (780 turns).

OTRawrior the Digger (Gargoyle Earth Elementalist)   Turns: 780, Time: 00:02:39

Health: 15/15      AC:  5    Str: 11    XL:     2   Next: 41%
Magic:  2/5        EV: 12    Int: 15    God:
Gold:   64         SH:  0    Dex: 10    Spells: 1 memorised, 5 levels left

rFire  . . .     SeeInvis .     k - -2 mace (curse)
rCold  . . .     Gourm    .     a - +1 robe
rNeg   + . .     Faith    .     (no shield)
rPois  ∞         Spirit   .     (no helmet)
rElec  +         Dismiss  .     (no cloak)
rCorr  .         Reflect  .     (no gloves)
SustAt .         Harm     .     (no boots)
MR     .....                    (no amulet)
Stlth  ++........               (no ring)
                                (no ring)

@: not resistant to hostile enchantments, unstealthy
A: negative energy resistance 1, electricity resistance, unbreathing,
petrification resistance, rot immunity, AC +2
a: no special abilities


You were on level 1 of the Dungeon.
You were not hungry.

You visited 1 branch of the dungeon, and saw 1 of its levels.

You collected 64 gold pieces.

Inventory:

Hand Weapons
 i - a +0 whip
 k - a cursed -2 mace (weapon)
Missiles
 b - 9 stones (quivered)
Armour
 a - a +1 robe (worn)
Scrolls
 e - a scroll of teleportation
 g - 2 scrolls of enchant weapon
 j - 2 scrolls of fear
Potions
 f - a potion of lignification {unknown}
Books
 c - a book of Geomancy

   Spells                             Type                      Level
   a - Sandblast                      Earth                        1
   b - Passwall                       Transmutation/Earth          2
   c - Stone Arrow                    Conjuration/Earth            3
   d - Petrify                        Transmutation/Earth          4
   e - Lee's Rapid Deconstruction     Earth                        5
Comestibles
 d - a bread ration
 h - 3 chunks of flesh


   Skills:
 - Level 1.5 Dodging
 - Level 2.1 Stealth
 * Level 2.6 Spellcasting
   Level 0.7 Transmutations
 + Level 3.8 Earth Magic


You had 5 spell levels left.
You knew the following spells:

 Your Spells              Type           Power        Failure   Level  Hunger
a - Sandblast             Erth           ##....       4%          1    #......


Dungeon Overview and Level Annotations

Branches:
Dungeon (1/15)

Altars:


Innate Abilities, Weirdness & Mutations

You are resistant to torment.
Your stone body is resilient (AC +2).
You are immune to poison.
You resist negative energy.
You are resistant to electric shocks.
You can survive without breathing.
You are immune to petrification.
You are immune to rotting.


Message History

Aiming: Sandblast
Press: ? - help, Shift-Dir - straight line, f - giant gecko
Aim: a giant gecko (clinging)
The blast of sand misses the giant gecko.
The giant gecko bites you.
Casting: Sandblast
Confirm with . or Enter, or press ? or * to list all spells.
Aiming: Sandblast
Press: ? - help, Shift-Dir - straight line, f/p - giant gecko
Aim: a giant gecko (clinging)
The blast of sand hits the giant gecko.
The giant gecko barely misses you.
Casting: Sandblast
Confirm with . or Enter, or press ? or * to list all spells.
Aiming: Sandblast
Press: ? - help, Shift-Dir - straight line, f/p - giant gecko
Aim: a giant gecko (clinging)
The blast of sand hits the giant gecko.
You kill the giant gecko!
The bat hits you but does no damage. x2
Are you sure you want to abandon this character and quit the game? (Confirm with "yes".)

........#....####................
#####...........#.#.............#
# #...........#.#.##..........# #
#...........#.#.*#..........# #
#...........#.#,*#..........#
#####.........).#.#,*#..........#
...##...........#.#,*#########'##
...###..........#b#,######.......
...'......>.....@.#,#......[...##
...###..........###,#+##.........
...# ############ *,,,,#.#.######
...# *,,,,#,#.*,,,,, ...#
*,,,,*,#.*,**** ...# *,,,,*,#.*,*
* ...# *,,,,*,#.*,* * ...#
*,,,,*,#.*,**** #'##
*,,,,*,*,*,**,,


You could see a bat.

Vanquished Creatures
  2 giant geckos (D:1)
  2 bats (D:1)
  A giant cockroach (D:1)
  A goblin (D:1)
  A hobgoblin (D:1)
  A ball python (D:1)
  2 kobolds (D:1)
  A rat (D:1)
11 creatures vanquished.

Notes
Turn   | Place    | Note
--------------------------------------------------------------
     0 | D:1      | OTRawrior the Gargoyle Earth Elementalist began the quest for the Orb.
     0 | D:1      | Reached XP level 1. HP: 10/10 MP: 3/3
   287 | D:1      | Reached XP level 2. HP: 11/15 MP: 0/5
   780 | D:1      | Quit the game

Action                   || total
-------------------------++-------
Melee: Mace              ||     6
 Cast: Sandblast         ||    23
  Use: Scroll            ||     6
Armor: Robe              ||    12
Dodge: Dodged            ||    24
